 Dungeon Crawl Stone Soup version 0.32-a0-17-gb74e046682 (webtiles) character file.

Game seed: 17759895151125459253

206 octoduck the Conjurer (level 5, -3/38 HPs)
             Began as a Draconian Conjurer on Jan 16, 2024.
             Was an Initiate of Sif Muna.
             Killed by divine providence
             ... invoked by an orc priest
              (13 damage)
             ... on level 4 of the Dungeon.
             The game lasted 00:10:42 (2943 turns).

octoduck the Conjurer (Draconian Conjurer)          Turns: 2943, Time: 00:10:43

Health: -3/38      AC:  6    Str:  9    XL:     5   Next: 53%
Magic:  1/8        EV: 12    Int: 20    God:    Sif Muna [......]
Gold:   100        SH:  0    Dex: 10    Spells: 3/8 levels left

rFire   + . .        f - +1 dagger
rCold   . . .        (no shield)
rNeg    . . .        (body armour unavailable)
rPois   .            (helmet restricted)
rElec   .            a - +0 cloak
rCorr   .            (no gloves)
SInv    .            (no boots)
Will    .....        (no amulet)
Stlth   ++           b - ring of protection from fire
HPRegen 0.26/turn    (no ring)
MPRegen 0.11/turn

%: no passive effects
@: weak-willed
A: AC +5, unfitting armour, cold-blooded, horns 1, sense surroundings 1
a: Renounce Religion


You were on level 4 of the Dungeon.
You worshipped Sif Muna.
Sif Muna was noncommittal.
You visited 2 branches of the dungeon, and saw 5 of its levels.

You collected 100 gold pieces.

Inventory:

Hand Weapons
 f - a +1 dagger (weapon)
Missiles
 c - 5 poisoned darts
 i - 4 javelins
Armour
 a - a +0 cloak (worn)
Jewellery
 b - a ring of protection from fire (left hand)
 l - an amulet of faith
Scrolls
 g - a scroll of enchant weapon
Potions
 h - a potion of enlightenment
 k - a potion of brilliance


   Skills:
 - Level 3.0 Dodging
 - Level 1.7 Stealth
 - Level 2.0 Spellcasting
 + Level 6.0 Conjurations
 + Level 1.3 Fire Magic


You had 3 spell levels left.
You knew the following spells:

 Your Spells              Type           Power      Damage    Failure   Level
a - Magic Dart            Conj           100%       1d8       1%          1
b - Searing Ray           Conj           52%        2d6       1%          2
c - Scorch                Fire           14%        2d5       14%         2

Your spell library contained the following spells:

 Spells                   Type           Power      Damage    Failure   Level
 Sting                    Conj/Alch      56%        1d6       4%          1
 Hailstorm                Conj/Ice       14%        3d6       14%         3
 Apportation              Tloc           4%         N/A       16%         1
 Freeze                   Ice            8%         1d3       16%         1
 Necrotise                Necr           8%         1d4       16%         1
 Summon Small Mammal      Summ           8%         N/A       16%         1
 Call Canine Familiar     Summ           2%         N/A       43%         3
 Frozen Ramparts          Ice            4%         1d1       43%         3
 Sigil of Binding         Hex            2%         N/A       43%         3
 Flame Wave               Conj/Fire      16%        2d7       34%         4
 Fulminant Prism          Conj/Alch      7%         3d6       41%         4
 Iskenderun's Mystic Bla  Conj/Tloc      14%        2d5       41%         4
 Dimensional Bullseye     Hex/Tloc       1%         N/A       83%         4
 Summon Cactus Giant      Summ           1%         N/A       100%        6


Dungeon Overview and Level Annotations

Branches:
Dungeon (4/15)             Temple (1/1) D:4

Altars:
Ashenzari
Dithmenos
Elyvilon
Fedhas
Gozag
Hepliaklqana
Kikubaaqudgha
Nemelex Xobeh
Okawaru
Qazlal
Sif Muna
Trog
Wu Jian
Xom
Yredelemnul
Zin

Shops:
D:2 [

Annotations:
D:2 Jessica


Innate Abilities, Weirdness & Mutations

Your plain brown scales are hard. (AC +5)
You cannot fit into any form of body armour.
You are cold-blooded and may be slowed by cold attacks.
You have a pair of small horns on your head.
You passively map a small area around you.


Message History

Casting: Searing Ray (safe; 1% risk of failure)
Confirm with . or Enter, or press ? or * to list all spells.
Flames lash the orc.
You kill the orc!
Sif Muna accepts your kill.
The orc priest mumbles some strange prayers to Beogh against you.
Beogh smites you!
As you read the scroll of fog, it dissolves into smoke.
The orc priest attacks as it pursues you!
The orc priest hits you from afar with a +0 trident.
As you read the scroll labelled LAHYARR EGROON, it crumbles to dust.
A wave of despondency washes over your surroundings.
It was a scroll of vulnerability.
The orc priest hits you from afar with a +0 trident!
* * * LOW HITPOINT WARNING * * *
You feel better. The orc priest barely misses you.
Okay, then.
You aren't carrying any items that you can evoke.
Okay, then.
Okay, then.
Casting: Scorch (safe; 14% risk of failure)
Confirm with . or Enter, or press ? or * to list all spells.
Aiming: Magic Dart (safe; 1% risk of failure)
Press: ? - help, Shift-Dir - straight line, f - orc priest
Aim: an orc priest, wielding a +0 trident and wearing a +0 scale mail (purple smoke, weak-willed, 100% to hit)
The magic dart hits the orc priest but does no damage.
The orc priest invokes the aid of Beogh against you.
Pain shoots through your body!
The orc priest hits you with a +0 trident.
* * * LOW HITPOINT WARNING * * *
You hit the orc priest but do no damage.
Your tail-slap misses the orc priest.
The orc priest misses you.
You hit the orc priest but do no damage.
The orc priest barely misses you.
You hit the orc priest but do no damage.
You headbutt the orc priest.
The orc priest is moderately wounded.
The orc priest invokes the aid of Beogh against you.
Beogh smites you!
You die...

* #.##.# #)##.#
$####################.##o#
.'o............oo...).##.#
.#######################.#
#...# #§§.o.)...# #####
#.⌠.# ####§#########
....###...###.##o#
###...........##@#
##.⌠..>..⌠..##§#
#..(.......##§#
####...###.##§# #.⌠.#
####.# ###.))###....#
#.#..##.....##
#.#.###.##### #.#.# #.#


You could see an orc priest (weak-willed).

Vanquished Creatures
  Terence (D:2)
  Natasha (thrice) (D:2)
  An orc wizard (D:3)
  2 adders (D:3)
  2 ribbon worms
  10 orcs
  2 endoplasms
  5 giant cockroaches
  A goblin (D:1)
  5 hobgoblins
  6 kobolds
  2 quokkas
  5 ball pythons
  3 bats
  3 frilled lizards
  A rat (D:2)
52 creatures vanquished.

Notes
Turn   | Place    | Note
-------+----------+-------------------------------------------
     0 | D:1      | octoduck the Draconian Conjurer began the quest for the
                  | Orb.
     0 | D:1      | Reached XP level 1. HP: 14/14 MP: 3/3
   295 | D:1      | Reached XP level 2. HP: 20/20 MP: 0/5
   351 | D:1      | Learned a level 2 spell: Searing Ray
   372 | D:1      | Learned a level 2 spell: Scorch
   915 | D:2      | Noticed Jessica
  1139 | D:2      | Found Vayvanwi's Antique Armour Shoppe.
  1151 | D:2      | Noticed Terence
  1157 | D:2      | Noticed Natasha
  1187 | D:2      | Gained mutation: You passively map a small area around you.
                  | [potion of mutation]
  1187 | D:2      | Gained mutation: You have a pair of small horns on your
                  | head. [potion of mutation]
  1202 | D:2      | Killed Terence
  1203 | D:2      | Reached XP level 3. HP: 7/26 MP: 0/6
  1305 | D:2      | Reached skill level 5 in Conjurations
  1329 | D:2      | Killed Natasha
  1330 | D:2      | Reached XP level 4. HP: 33/33 MP: 1/7
  1331 | D:2      | Noticed Natasha
  1405 | D:2      | Killed Natasha
  1410 | D:2      | Noticed Natasha
  1414 | D:2      | Killed Natasha
  1704 | D:3      | Reached XP level 5. HP: 38/38 MP: 1/8
  2415 | D:3      | Reached skill level 1 in Fire Magic
  2425 | D:3      | Reached skill level 6 in Conjurations
  2694 | D:4      | Found a staircase to the Ecumenical Temple.
  2707 | Temple   | Entered the Ecumenical Temple
  2740 | Temple   | Became a worshipper of Sif Muna the Loreminder
  2943 | D:4      | Killed from afar by an orc priest

Illustrated notes

Levels and vault maps discovered:
D:1:      heliophobic_arrival_enchanted_forest, layout_basic
D:2:      layout_loops_ring, serial_glass, glass_columns_a, glass_columns_c,
          due_unseen_surprise, serial_shops, shop, nicolae_shop_stone, shop,
          shop, uniq_terence, uniq_jessica, uniq_natasha
D:3:      layout_basic, grunt_decor_resistance
D:4:      layout_basic, minmay_temple_entry_junction
Temple:   eino_temple_rhombus

Skill      XL: |  1  2  3  4  5 |
---------------+----------------+-----
Dodging        | 2 3 |  3.0
Conjurations   | 5 6 |  6.0
Fire Magic     | 1 |  1.3
Stealth        | |  1.7
Spellcasting   | |  2.0

Action                     |  1- 3 |  4- 6 || total
---------------------------+-------+-------++-------
  Melee: Unarmed           |    16 |       ||    16
         Tailslap          |     6 |     2 ||     8
         Dagger            |    21 |    20 ||    41
         Headbutt          |     2 |     4 ||     6
   Cast: Magic Dart        |    37 |    31 ||    68
         Searing Ray       |    10 |    13 ||    23
         Scorch            |       |     1 ||     1
    Use: Potion            |     7 |     1 ||     8
         Scroll            |     3 |     3 ||     6
   Stab: Sleeping          |       |     1 ||     1
 Armour: Skin              |    24 |    23 ||    47
  Dodge: Dodged            |    37 |    20 ||    57

Table legend: (Time is in decaauts)
 A = Elapsed time spent in this place.
 B = Non-inter-level travel time spent in this place.
 C = Inter-level travel time spent in this place.
 D = Time resting spent in this place.
 E = Time spent auto-exploring this place.
 F = Levels seen in this place.
 G = Mean time per level.
                   A        B        C        D        E       F      G
               +--------+--------+--------+--------+--------+-----+--------+
         Total |   2946 |   2733 |    213 |    771 |   1299 |   5 |  589.2 |
       Dungeon |   2902 |   2707 |    195 |    771 |   1276 |   4 |  725.5 |
        Temple |     43 |     25 |     18 |      0 |     23 |   1 |   43.0 |
               +--------+--------+--------+--------+--------+-----+--------+

Top non-repeatable levels by time:
     D:3: 1184 daAuts
     D:1: 1170 daAuts
     D:2: 329 daAuts
     D:4: 218 daAuts
  Temple: 43 daAuts
